 Dungeon Crawl Stone Soup version 0.28-a0-1182-g381e24db82 (webtiles) character file.

Game seed: 13225774074266566181

585 mainiacjoe the Sneak (level 7, -1/41 HPs)
             Began as an Octopode Conjurer on Dec 16, 2021.
             Was an Initiate of Wu Jian.
             Slain by Blork the orc (8 damage)
             ... on level 5 of the Dungeon.
             The game lasted 00:12:53 (6301 turns).

mainiacjoe the Sneak (Octopode Conjurer)            Turns: 6301, Time: 00:12:55

Health: -1/41      AC:  1    Str:  6    XL:     7   Next: 37%
Magic:  2/11       EV: 14    Int: 20    God:    Wu Jian [......]
Gold:   235        SH:  5    Dex: 13    Spells: 9/12 levels left

rFire   . . .      SeeInvis .   a - +4 short sword (venom)
rCold   . . .      Faith    .   k - +0 buckler
rNeg    . . .      Spirit   .   (helmet restricted)
rPois   .          Reflect  .   x - amulet of the acrobat
rElec   .          Harm     .   (no ring)
rCorr   .          Rampage  .   (no ring)
Will    .....                   (no ring)
Stlth   ++++......              (no ring)
HPRegen 0.13/turn               (no ring)
MPRegen 0.12/turn               (no ring)
                                (no ring)
                                (no ring)

@: no status effects
A: almost no armour, amphibious, 8 rings, camouflage 1, gelatinous body 1,
(nimble swimmer 1), tentacles
a: Renounce Religion


You were on level 5 of the Dungeon.
You worshipped Wu Jian.
Wu Jian was noncommittal.
You visited 2 branches of the dungeon, and saw 6 of its levels.

You collected 235 gold pieces.

Inventory:

Hand Weapons
 a - a +4 short sword of venom (weapon)
 l - a +0 dagger
 n - a +0 rapier
Missiles
 e - 135 stones
 o - 36 bolts
 p - 53 sling bullets
 u - 36 arrows
 y - 21 poisoned darts (quivered)
Armour
 k - a +0 buckler (worn)
Magical Staves
 w - a staff of poison
Jewellery
 x - an amulet of the acrobat (around mantle)
Wands
 A - a wand of charming (12)
Scrolls
 b - a scroll of vulnerability
 c - a scroll of holy word
 g - a scroll of immolation
 i - a scroll of blinking {unknown}
 j - a scroll of fear {unknown}
 s - a scroll of teleportation {unknown}
 z - a scroll of magic mapping {unknown}
Potions
 d - 2 potions of flight
 f - 3 potions of might
 h - a potion of lignification {unknown}
 m - a potion of heal wounds {unknown}
 q - 2 potions of curing
 r - a potion of mutation {unknown}
 t - a potion of magic {unknown}
 v - a potion of attraction {unknown}


   Skills:
 + Level 4.5 Dodging
 + Level 6.5 Stealth
 - Level 4.0 Shields
 - Level 3.0 Spellcasting
 - Level 4.0 Conjurations


You had 9 spell levels left.
You knew the following spells:

 Your Spells              Type           Power      Damage    Failure   Level
a - Magic Dart            Conj           76%        1d6       2%          1
b - Searing Ray           Conj           38%        2d5       4%          2

Your spell library contained the following spells:

 Spells                   Type           Power      Damage    Failure   Level
 Animate Skeleton         Necr           6%         N/A       14%         1
 Apportation              Tloc           6%         N/A       14%         1
 Pain                     Necr           12%        1d4       14%         1
 Summon Small Mammal      Summ           12%        N/A       14%         1
 Dazzling Flash           Conj/Hex       22%        N/A       19%         3
 Call Imp                 Summ           3%         N/A       22%         2
 Mephitic Cloud           Conj/Pois/Air  8%         N/A       26%         3
 Frozen Ramparts          Ice            6%         1d2       38%         3
 Tukima's Dance           Hex            3%         N/A       38%         3
 Fulminant Prism          Conj/Hex       5%         3d7       52%         4
 Iskenderun's Mystic Bla  Conj/Tloc      11%        2d4       52%         4
 Ice Form                 Ice/Tmut       3%         N/A       80%         4
 Passage of Golubria      Tloc           3%         N/A       80%         4
 Summon Ice Beast         Ice/Summ       3%         N/A       80%         4
 Freezing Cloud           Conj/Ice/Air   4%         6-21      93%         5
 Agony                    Necr           3%         N/A       98%         5
 Excruciating Wounds      Necr           1%         N/A       98%         5
 Yara's Violent Unravell  Hex/Tmut       1%         3d3       98%         5
 Simulacrum               Ice/Necr       1%         N/A       100%        6
 Polar Vortex             Ice            1%         N/A       100%        9


Dungeon Overview and Level Annotations

Branches:
Dungeon (5/15)             Temple (1/1) D:4

Altars:
Ashenzari
Dithmenos
Elyvilon
Fedhas
Gozag
Kikubaaqudgha
Makhleb
Nemelex Xobeh
Okawaru
Qazlal
Ru
Trog
Vehumet
Wu Jian
Yredelemnul
Zin
The Shining One

Shops:
D:4 (

Annotations:
D:5 Blork the orc


Innate Abilities, Weirdness & Mutations

You cannot wear most types of armour.
You are amphibious.
You can wear up to eight rings at the same time.
Your skin changes colour to match your surroundings (Stealth+).
Your rubbery body absorbs attacks. (AC +1, EV +1)
((You are camouflaged near water. (Stealth+)))
You have tentacles for arms and can constrict up to eight enemies at once.


Message History

You finish channelling your searing ray.
Casting: Searing Ray (safe; 4% risk of failure)
Confirm with . or Enter, or press ? or * to list all spells.
Aiming: Searing Ray (safe; 4% risk of failure)
Press: ? - help, Shift-Dir - straight line, f/p - Blork the orc
Aim: Blork the orc, wielding a +1 flail of protection, wearing a +0 robe and carrying a wand of flame (6) (heavily wounded, 81% to hit)
The searing ray hits Blork the orc.
Blork the orc is heavily wounded. (Press . to maintain the ray.) Blork the orc gestures at you while chanting.
The magic dart hits you.
The searing ray hits Blork the orc.
Blork the orc is heavily wounded.
Blork the orc zaps a wand.
You block the puff of flame.
The searing ray misses Blork the orc.
Blork the orc points at you and mumbles some strange words.
The magic dart hits you!
The searing ray hits Blork the orc.
Blork the orc is severely wounded.
You finish channelling your searing ray.
Blork the orc zaps a wand.
The puff of flame hits you.
You hit Blork the orc but do no damage.
Blork the orc is poisoned.
You grab Blork the orc.
You squeeze Blork the orc, but do no damage.
Blork the orc is severely wounded.
You constrict Blork the orc, but do no damage.
Blork the orc zaps a wand.
The puff of flame hits you!
* * * LOW HITPOINT WARNING * * *
You release your grip on Blork the orc.
Blork the orc casts a spell at you. The puff of flame hits you.
* * * LOW HITPOINT WARNING * * *
You feel better.
You hit Blork the orc but do no damage.
Blork the orc looks as sick as possible!
You grab Blork the orc.
Blork the orc is almost dead.
You constrict Blork the orc, but do no damage.
Blork the orc hits you with a +1 flail of protection!
You die...

##.###.# # #.....#
#.##### ##'##
##...## ##.....## .
##.......## ...
#.........####..o..
+.....@o..'........
#.........####.....
##.......## ##.
##.....## ##...##
##+##


You could see Blork the orc (extremely poisoned).

Vanquished Creatures
  Grinder (D:4)
  A water moccasin skeleton (D:4)
  A centaur skeleton (D:5)
  A hound (D:5)
  A jelly (D:4)
  2 orc wizards (D:4)
  Natasha (D:4)
  A hound zombie (D:5)
  A hound skeleton (D:4)
  5 adders
  3 worms
  2 dart slugs
  12 orcs
  10 bats
  11 endoplasms
  A giant cockroach (D:2)
  5 goblins
  A hobgoblin (D:2)
  A jackal (D:3)
  7 kobolds
  A quokka (D:2)
  7 ball pythons
  12 frilled lizards
  5 rats
93 creatures vanquished.

Vanquished Creatures (others)
  5 plants (D:1)
5 creatures vanquished.

Grand Total: 98 creatures vanquished

Notes
Turn   | Place    | Note
-------+----------+-------------------------------------------
     0 | D:1      | mainiacjoe the Octopode Conjurer began the quest for the
                  | Orb.
     0 | D:1      | Reached XP level 1. HP: 11/11 MP: 3/3
   146 | D:1      | Reached skill level 3 in Stealth
   359 | D:1      | Reached XP level 2. HP: 17/17 MP: 1/5
   362 | D:1      | Learned a level 2 spell: Searing Ray
   436 | D:1      | Found a faded altar of an unknown god.
  1092 | D:1      | Reached XP level 3. HP: 21/21 MP: 6/6
  2081 | D:2      | Reached skill level 1 in Shields
  2147 | D:2      | Reached XP level 4. HP: 27/27 MP: 1/7
  2597 | D:3      | Found a blossoming altar of Fedhas.
  3469 | D:3      | Found a sparkling altar of Nemelex Xobeh.
  4104 | D:4      | Reached XP level 5. HP: 31/31 MP: 0/8
  4184 | D:4      | Found a broken altar of Ashenzari.
  4284 | D:4      | Noticed Natasha
  4296 | D:4      | Killed Natasha
  4322 | D:4      | Reached skill level 4 in Stealth
  4416 | D:4      | Reached XP level 6. HP: 36/36 MP: 10/10
  4745 | D:4      | Found a staircase to the Ecumenical Temple.
  4756 | Temple   | Entered the Ecumenical Temple
  5212 | Temple   | Became a worshipper of the Wu Jian Council
  5245 | D:4      | Found Acusobap's Weapon Boutique.
  5628 | D:4      | Noticed Grinder
  5635 | D:4      | Killed Grinder
  5636 | D:4      | Reached skill level 6 in Stealth
  5636 | D:4      | Reached XP level 7. HP: 21/41 MP: 5/11
  5893 | D:5      | Entered Level 5 of the Dungeon
  6280 | D:5      | Noticed Blork the orc
  6299 | D:5      | HP: 2/41 [Blork the orc/puff of flame (5)]
  6301 | D:5      | Slain by Blork the orc

Illustrated notes

Levels and vault maps discovered:
D:1:      zelgadis_glass_arrival_small, layout_loops_corners,
          ebering_ecumenical_altar_rust, minmay_lizard_king
D:2:      layout_loops_ring, minmay_hexomino_c4
D:3:      minmay_razor_zed, layout_loops_corners, fedhas_altar_1,
          nemelex_dance_club_becter
D:4:      layout_loops_ring, nicolae_ashenzari_skybound,
          minmay_temple_entry_glassed_door, serial_shops,
          nicolae_shop_bloodbath_and_beyond, abandoned_shop, uniq_natasha,
          uniq_grinder
D:5:      layout_loops_corners, gammafunk_ghost_mausoleum, uniq_eustachio,
          uniq_blork_the_orc
Temple:   eino_temple_water

Skill      XL: |  1  2  3  4  5  6 |
---------------+-------------------+-----
Stealth        | 3 4 6 |  6.5
Shields        | 1 3 4 |  4.0
Dodging        | 4 |  4.5
Spellcasting   | 3 |  3.0
Conjurations   | |  4.0

Action                   |  1- 3 |  4- 6 |  7- 9 || total
-------------------------+-------+-------+-------++-------
Melee: Hand axe          |     9 |       |       ||     9
       Constrict         |     3 |     7 |     2 ||    12
       Tentacles         |     2 |     7 |     2 ||    11
       Short sword       |     2 |    29 |     4 ||    35
       Dagger            |     2 |       |       ||     2
Throw: Stone             |     1 |    18 |       ||    19
       Dart              |       |     1 |     5 ||     6
 Cast: Magic Dart        |    49 |    47 |       ||    96
       Searing Ray       |     5 |    14 |     7 ||    26
Invok: Lunge             |       |     1 |     1 ||     2
  Use: Scroll            |       |     7 |     1 ||     8
       Potion            |       |       |     1 ||     1
 Stab: Sleeping          |     1 |     2 |     1 ||     4
Armor: Skin              |     6 |     1 |     1 ||     8
Dodge: Dodged            |    10 |    14 |     8 ||    32
Block: Buckler           |       |     5 |     3 ||     8

Table legend: (Time is in decaauts)
 A = Elapsed time spent in this place.
 B = Non-inter-level travel time spent in this place.
 C = Inter-level travel time spent in this place.
 D = Time resting spent in this place.
 E = Time spent auto-exploring this place.
 F = Levels seen in this place.
 G = Mean time per level.
                   A        B        C        D        E       F      G
               +--------+--------+--------+--------+--------+-----+--------+
         Total |   6304 |   6172 |    132 |    503 |   5004 |   6 | 1050.7 |
       Dungeon |   5831 |   5714 |    117 |    503 |   4580 |   5 | 1166.2 |
        Temple |    472 |    457 |     15 |      0 |    424 |   1 |  472.0 |
               +--------+--------+--------+--------+--------+-----+--------+

Top non-repeatable levels by time:
     D:3: 1622 daAuts
     D:1: 1397 daAuts
     D:4: 1341 daAuts
     D:2: 1062 daAuts
  Temple: 472 daAuts
     D:5: 407 daAuts
